 Dungeon Sprint DCSS version 0.22.1-2-g9c5b331 (webtiles) character file.

19462 diana the Slayer (level 12, -3/129 HPs)
             Began as a Demonspawn Gladiator on Dec 14, 2018.
             Was the Champion of Cheibriados.
             Slain by an orc warlord
             ... wielding a +0 war axe
              (21 damage)
             ... in the Dungeon (Sprint VII: "The Pits").
             The game lasted 00:11:42 (2723 turns).

diana the Slayer (Demonspawn Gladiator)             Turns: 2723, Time: 00:11:44

Health: -3/129     AC: 17    Str: 39    XL:     12   Next: 36%
Magic:  14/19      EV: 24    Int: 25    God:    Cheibriados [******]
Gold:   46         SH:  0    Dex: 35    Spells: 11/11 levels left

rFire    . . .     SeeInvis .   b - +2 scimitar (flame)
rCold    . . .     Gourm    .   (no shield)
rNeg     . . .     Faith    .   v - +4 chain mail
rPois    .         Spirit   .   (helmet restricted)
rElec    .         Reflect  .   (no cloak)
rCorr    .         Harm     .   w - +0 pair of gloves
MR       .....     NoTele   +   (no boots)
Stlth    +.........             (no amulet)
HPRegen  0.31/turn              s - +3 ring of protection
MPRegen  0.16/turn              r - +3 ring of evasion

@: mighty, agile, lethally poisoned (-3 -> -49), corroded, very slow
A: antennae 2, iridescent scales 2, demonic guardian 2, powered by pain 1
a: Bend Time, Temporal Distortion, Slouch, Step From Time, Renounce Religion


You were in the Dungeon.
You worshipped Cheibriados.
Cheibriados was exalted by your worship.
You were very hungry.

You visited 1 branch You collected 46 gold pieces.

Inventory:

Hand Weapons
 b - a +2 scimitar of flaming (weapon)
Missiles
 d - 4 throwing nets (quivered)
Armour
 c - a +0 helmet
 v - a +4 chain mail (worn)
 w - a +0 pair of gloves (worn)
Jewellery
 r - a +3 ring of evasion (right hand)
 s - a +3 ring of protection (left hand)
 y - an uncursed ring of protection from cold
 z - an uncursed ring of poison resistance
Scrolls
 a - a scroll of fear
 k - a scroll of blinking
 l - 4 scrolls of enchant armour
 n - 6 scrolls of remove curse
 o - 5 scrolls of amnesia
 p - a scroll of summoning
 q - 2 scrolls of fog
 x - 2 scrolls of identify
Potions
 e - 12 potions of curing
 g - 12 potions of heal wounds
 h - 3 potions of haste
 i - 4 potions of magic
 j - 5 potions of berserk rage
 m - a potion of invisibility
 t - a potion of resistance
 u - a potion of brilliance
 A - 2 potions of mutation
 B - a potion of agility
 C - a potion of might
Comestibles
 f - 10 rations


   Skills:
 + Level 23.6 Fighting
 - Level 14.0 Long Blades
 - Level 1.7 Throwing
 - Level 4.6 Armour
 - Level 5.6 Dodging
 - Level 10.2 Invocations


You had 11 spell levels left.
You didn't know any spells.
Your spell library was empty.

Dungeon Overview and Level Annotations

Branches:
Dungeon (1/1)

Altars:
Ashenzari
Cheibriados
Dithmenos
Elyvilon
Fedhas
Gozag
Hepliaklqana
Kikubaaqudgha
Makhleb
Nemelex Xobeh
Okawaru
Qazlal
Ru
Sif Muna
Trog
Uskayaw
Vehumet
Wu Jian
Xom
Yredelemnul
Zin
The Shining One
Beogh
Jiyva
Lugonu


Innate Abilities, Weirdness & Mutations

You have a pair of antennae on your head.
You are mostly covered in iridescent scales. (AC +4)
A demonic guardian rushes to your aid.
You sometimes gain a little power by taking damage.


Message History

You kill the orc knight!
Cheibriados thoroughly appreciates the change of pace.
Your Fighting skill increases to level 23!
You kill the orc knight!
Cheibriados appreciates the change of pace.
You kill the orc knight!
Cheibriados thoroughly appreciates the change of pace.
You kill the orc knight!
Cheibriados appreciates the change of pace.
You kill the orc knight!
Cheibriados appreciates the change of pace.
You are feeling very hungry.
You feel much better.
The orc warlord hits you from afar with a bardiche of venom!!!
* * * LOW HITPOINT WARNING * * *
You focus on the pain.
You feel agile all of a sudden.
You are lethally poisoned!
The orc warlord hits you with a war axe!!
You die... {{ { {{{{{{

{
+###############################+
........................†.†......
..........).........[...†..†.....
.##############[@##############..
.# {{{ #..))o...# {{{ #†. .#
#....o...# #.. .# ####))#### {
#.. .# ).). { {{{#.. .#{ .....
{{{#.. .# { ...... {{{#.. .#
###..## #.. .# #..


You could see 2 orc warlords.

Vanquished Creatures
  A death cob (D)
  A minotaur (D)
  A merfolk impaler (D)
  Erica (D)
  A death knight (D)
  A death yak (D)
  Pikel (D)
  A deep troll (D)
  A lindwurm (D)
  An orc sorcerer (D)
  8 orc knights (D)
  2 elephants (D)
  An eye of devastation (D)
  A rust devil (D)
  An orange demon (D)
  A gargoyle (D)
  A rime drake (D)
  A hellwing (D)
  An ice devil (D)
  A jumping spider (D)
  A red devil (D)
  2 merfolk (D)
  Prince Ribbit (D)
  2 hornets (D)
  8 blink frogs (D)
  A ynoxinul (D)
  6 yaks (D)
  A spriggan (D)
  A water elemental (D)
  2 wyverns (D)
  A chaos spawn (D)
  6 vampire mosquitoes (D)
  A warg (D)
  A soldier ant (D)
  3 floating eyes (D)
  Purgy (D)
  A black bear (D)
  2 slaves (D)
  2 phantoms (D)
  A wolf (D)
  A crocodile (D)
  A bullfrog (D)
  A scorpion (D)
  3 killer bees (D)
  A quasit (D)
  2 orc priests (D)
  3 orc wizards (D)
  2 iguanas (D)
  A worker ant (D)
  A mummy (D)
  A gnoll (D)
  2 adders (D)
  A river rat (D)
  An ooze (D)
  An adder zombie (D)
  3 orcs (D)
  A goblin (D)
  A hobgoblin (D)
  A quokka (D)
  A frilled lizard (D)
  3 kobolds (D)
104 creatures vanquished.

Vanquished Creatures (collateral kills)
  A basilisk (D)
  An eye of draining (D)
  A bat (D)
3 creatures vanquished.

Vanquished Creatures (others)
  An ettin (D)
  A mummy priest (D)
  A slave (D)
3 creatures vanquished.

Grand Total: 110 creatures vanquished

Notes
Turn   | Place    | Note
-------+----------+-------------------------------------------
     0 | D        | diana the Demonspawn Gladiator began the quest for the Orb.
     0 | D        | Reached XP level 1. HP: 16/16 MP: 1/1
     9 | D        | Killed a mummy priest
    18 | D        | Reached skill level 1 in Armour
    18 | D        | Gained mutation: You sometimes gain a little power by
                  | taking damage. [demonic ancestry]
    18 | D        | Reached XP level 2. HP: 18/23 MP: 2/2
    74 | D        | Killed an ettin
   108 | D        | Found a glowing golden altar of the Shining One.
   108 | D        | Found a glowing silver altar of Zin.
   108 | D        | Found a basalt altar of Yredelemnul.
   108 | D        | Found a shimmering altar of Xom.
   108 | D        | Found an ornate altar of the Wu Jian Council.
   108 | D        | Found a bloodstained altar of Trog.
   108 | D        | Found a deep blue altar of Sif Muna.
   108 | D        | Found a sacrificial altar of Ru.
   108 | D        | Found a stormy altar of Qazlal.
   108 | D        | Found an iron altar of Okawaru.
   108 | D        | Found a sparkling altar of Nemelex Xobeh.
   108 | D        | Found a burning altar of Makhleb.
   108 | D        | Found a viscous altar of Jiyva.
   108 | D        | Found a hazy altar of Hepliaklqana.
   108 | D        | Found an opulent altar of Gozag.
   108 | D        | Found a blossoming altar of Fedhas.
   108 | D        | Found a white marble altar of Elyvilon.
   108 | D        | Found a shadowy altar of Dithmenos.
   108 | D        | Found a snail-covered altar of Cheibriados.
   109 | D        | Found a radiant altar of Vehumet.
   109 | D        | Found a corrupted altar of Lugonu.
   109 | D        | Found a roughly hewn altar of Beogh.
   110 | D        | Found an ancient bone altar of Kikubaaqudgha.
   110 | D        | Found a hide-covered altar of Uskayaw.
   110 | D        | Found a shattered altar of Ashenzari.
   119 | D        | Became a worshipper of Cheibriados the Contemplative
   131 | D        | Noticed a floating eye
   132 | D        | Paralysed by a floating eye for 2 turns
   137 | D        | Paralysed by a floating eye for 4 turns
   143 | D        | Killed a floating eye
   143 | D        | Reached * piety under Cheibriados
   143 | D        | Reached skill level 4 in Fighting
   143 | D        | Reached XP level 3. HP: 30/31 MP: 3/3
   143 | D        | Gained mutation: You are partially covered in iridescent
                  | scales. (AC +2) [demonic ancestry]
   143 | D        | Reached XP level 4. HP: 37/38 MP: 4/4
   158 | D        | Noticed a floating eye
   162 | D        | Paralysed by a floating eye for 4 turns
   166 | D        | Killed a floating eye
   166 | D        | Reached ** piety under Cheibriados
   166 | D        | Reached skill level 5 in Fighting
   166 | D        | Reached skill level 5 in Dodging
   166 | D        | Reached XP level 5. HP: 44/44 MP: 5/5
   174 | D        | Reached *** piety under Cheibriados
   233 | D        | Noticed a black bear
   233 | D        | Noticed a floating eye
   237 | D        | Noticed Purgy
   239 | D        | Gained mutation: You are mostly covered in iridescent
                  | scales. (AC +4) [demonic ancestry]
   239 | D        | Reached XP level 6. HP: 52/52 MP: 5/7
   241 | D        | Paralysed by a floating eye for 4 turns
   248 | D        | Killed a floating eye
   248 | D        | Reached **** piety under Cheibriados
   258 | D        | Reached ***** piety under Cheibriados
   262 | D        | Gained mutation: A weak demonic guardian rushes to your
                  | aid. [demonic ancestry]
   262 | D        | Reached XP level 7. HP: 39/57 MP: 7/13
   265 | D        | Killed Purgy
   265 | D        | Reached skill level 10 in Long Blades
   368 | D        | Reached skill level 10 in Invocations
   370 | D        | Noticed Prince Ribbit
   390 | D        | Killed Prince Ribbit
   634 | D        | Reached ****** piety under Cheibriados
   642 | D        | Reached XP level 8. HP: 64/64 MP: 15/15
   733 | D        | Noticed an orange demon
   750 | D        | Killed an orange demon
   751 | D        | Reached skill level 6 in Fighting
  1042 | D        | Noticed a jumping spider
  1042 | D        | Noticed a red devil
  1071 | D        | Killed a jumping spider
  1071 | D        | Reached skill level 7 in Fighting
  1071 | D        | Gained mutation: You have a pair of small antennae on your
                  | head. [demonic ancestry]
  1071 | D        | Reached XP level 9. HP: 55/74 MP: 16/16
  1072 | D        | Killed a red devil
  1072 | D        | Reached skill level 9 in Fighting
  1179 | D        | Noticed a deep troll
  1183 | D        | Reached skill level 10 in Fighting
  1193 | D        | Killed a deep troll
  1193 | D        | Reached skill level 11 in Fighting
  1389 | D        | Reached skill level 12 in Fighting
  1389 | D        | Reached skill level 13 in Fighting
  1443 | D        | Noticed an eye of devastation
  1448 | D        | Gained mutation: You have a pair of antennae on your head.
                  | [demonic ancestry]
  1448 | D        | Reached XP level 10. HP: 93/93 MP: 17/17
  1457 | D        | Killed an eye of devastation
  1457 | D        | Reached skill level 14 in Fighting
  1638 | D        | Reached skill level 15 in Fighting
  1733 | D        | Noticed a death yak
  1736 | D        | Noticed an elephant
  1742 | D        | Killed a death yak
  1742 | D        | Reached skill level 16 in Fighting
  1752 | D        | Killed an elephant
  1958 | D        | Reached skill level 17 in Fighting
  1970 | D        | Noticed Pikel
  1977 | D        | Killed Pikel
  1977 | D        | Reached skill level 18 in Fighting
  1977 | D        | Gained mutation: A demonic guardian rushes to your aid.
                  | [demonic ancestry]
  1977 | D        | Reached XP level 11. HP: 94/109 MP: 9/18
  1979 | D        | Noticed a death knight
  1993 | D        | Killed a death knight
  2053 | D        | Noticed Erica
  2073 | D        | Killed Erica
  2073 | D        | Reached skill level 19 in Fighting
  2250 | D        | Noticed a merfolk impaler
  2250 | D        | Noticed a lindwurm
  2251 | D        | Noticed an orc sorcerer
  2251 | D        | Noticed a death cob
  2257 | D        | Killed a death cob
  2257 | D        | Reached skill level 20 in Fighting
  2261 | D        | Killed an orc sorcerer
  2262 | D        | Killed a lindwurm
  2262 | D        | Reached skill level 21 in Fighting
  2269 | D        | Killed a merfolk impaler
  2711 | D        | Noticed an orc knight
  2711 | D        | Noticed an orc knight
  2711 | D        | Noticed an orc knight
  2711 | D        | Noticed an orc knight
  2711 | D        | Noticed an orc knight
  2711 | D        | Noticed an orc knight
  2711 | D        | Noticed an orc warlord
  2711 | D        | Noticed an orc knight
  2711 | D        | Noticed an orc warlord
  2712 | D        | Noticed a minotaur
  2712 | D        | Noticed an orc knight
  2718 | D        | Reached skill level 22 in Fighting
  2719 | D        | Killed an orc knight
  2719 | D        | Reached XP level 12. HP: 98/126 MP: 19/19
  2722 | D        | Killed a minotaur
  2722 | D        | Reached skill level 23 in Fighting
  2723 | D        | Slain by an orc warlord

Skill      XL: |  1  2  3  4  5  6  7  8  9 10 11 12 |
---------------+-------------------------------------+-----
Long Blades    | 3 6 7 9 11 14 | 14.0
Armour         | 1 3 4 |  4.6
Dodging        | 3 4 5 |  5.6
Fighting       | 4 5 7 13 18 22 23 | 23.6
Invocations    | 2 8 10 | 10.2
Throwing       | |  1.7

Action                   |  1- 3 |  4- 6 |  7- 9 | 10-12 || total
-------------------------+-------+-------+-------+-------++-------
Melee: Long sword        |     8 |       |       |       ||     8
       Falchion          |     7 |    34 |   106 |   146 ||   293
       Scimitar          |       |       |       |    10 ||    10
Invok: Slouch            |       |       |     3 |    14 ||    17
  Use: Potion            |       |     1 |       |     2 ||     3
 Stab: Sleeping          |       |     1 |       |       ||     1
       Invisible         |       |     4 |     1 |       ||     5
       Distracted        |       |       |     2 |     4 ||     6
  Eat: Chunk             |       |       |       |     3 ||     3
Armor: Leather armour    |     3 |     5 |       |       ||     8
       Plate armour      |       |    26 |     6 |       ||    32
       Chain mail        |       |       |    37 |    79 ||   116
Dodge: Dodged            |     7 |    79 |    97 |   119 ||   302
       Rpst.: Long sword |     3 |       |       |       ||     3
       Falchion          |       |    12 |    20 |    22 ||    54
       Scimitar          |       |       |       |     4 ||     4
